Map: Dreamcatcher LE

Players

Denver

  • Race: Zerg Zerg
  • Spawn Location: 11:00

iAsonu - Winner!

  • Race: Zerg Zerg
  • Spawn Location: 5:00

Event: WCS Valencia 2018

VOD

Have the link to the VOD?

Description

Time

  • Played on: July 12, 2018, 1:58 p.m.
  • Length: 6:05

All games in this series

Show
View Real Time Build Order
Export as new Build Order

Denver Zerg 

Build Orders: Pool First 

Get SALT Encoding   

  12  0:00  Drone  
  13  0:12  Overlord  
  13  0:17  Drone  
  14  0:31  Drone x2  
  14  0:35  Drone  
  17  0:45  Spawning Pool  
  17  0:48  Drone  
  17  0:55  Drone  
  18  1:09  Extractor  
  17  1:14  Hatchery  
  17  1:17  Drone  
  17  1:21  Drone  
  18  1:32  Queen  
  18  1:33  Drone  
  21  1:40  Overlord  
  21  1:50  Drone  
  22  2:01  Drone  
  22  2:08  Queen  
  23  2:10  Drone  
  23  2:11  Metabolic Boost  
  26  2:22  Drone  
  27  2:26  Drone  
  28  2:30  Queen  
  28  2:33  Drone  
  32  2:44  Drone x2  
  32  2:49  Hatchery  
  32  2:52  Zergling x2  
  32  2:54  Drone  
  34  2:59  Overlord  
  34  3:02  Drone  
  34  3:04  Drone  
  36  3:17  Overlord, Evolution Chamber  
  36  3:18  Drone  
  36  3:19  Drone x2  
  38  3:21  Drone  
  38  3:25  Zergling x4  
  41  3:28  Drone  
  41  3:31  Overlord  
  41  3:38  Lair  
  41  3:41  Drone  
  41  3:42  Drone  
  41  3:47  Zerg Missile Weapons Level 1  
  41  3:48  Extractor, Drone  
  42  3:51  Drone  
  42  3:52  Drone  
  42  3:54  Drone  
  46  4:01  Roach Warren  
  45  4:03  Drone x2  
  45  4:05  Drone  
  45  4:06  Drone  
  45  4:08  Drone  
  50  4:12  Drone x2  
  50  4:13  Drone  
  50  4:15  Drone  
  54  4:21  Extractor  
  54  4:23  Overlord  
  52  4:27  Overlord x2  
  52  4:41  Glial Reconstitution  
  52  4:42  Drone  
  52  4:43  Roach x5  
  63  4:47  Roach x2  
  63  4:52  Roach  
  68  4:53  Roach  
  68  4:57  Drone x4  
  68  4:59  Extractor  
  73  5:01  Overlord  
  73  5:05  Overlord  
  73  5:12  Roach x2  
  74  5:19  Overseer  
  74  5:20  Overlord  
  74  5:22  Roach  
  74  5:23  Roach x3  
  80  5:30  Roach  
  80  5:31  Roach x3  
  80  5:37  Roach x2  
  76  5:43  Roach x2  
  76  5:44  Roach  
Show
View Real Time Build Order
Export as new Build Order

iAsonu Zerg - Winner!

Build Orders: Hatch First 

Get SALT Encoding   

  12  0:01  Drone  
  13  0:13  Overlord  
  13  0:17  Drone  
  14  0:31  Drone x2  
  16  0:35  Drone  
  17  0:52  Hatchery  
  17  0:54  Drone  
  17  1:09  Spawning Pool  
  16  1:11  Drone  
  16  1:18  Drone  
  18  1:19  Extractor  
  17  1:27  Drone  
  18  1:33  Drone  
  19  1:40  Overlord  
  19  1:50  Drone  
  20  1:56  Queen  
  20  2:01  Drone  
  23  2:03  Queen  
  23  2:04  Drone  
  26  2:12  Drone  
  27  2:16  Drone  
  28  2:24  Drone  
  28  2:26  Drone  
  30  2:32  Queen  
  32  2:37  Overlord  
  32  2:39  Drone  
  32  2:40  Lair  
  33  2:46  Evolution Chamber  
  33  2:50  Drone x2  
  34  2:55  Roach Warren  
  34  2:56  Drone  
  34  2:58  Drone  
  35  3:01  Extractor  
  34  3:06  Drone x3  
  34  3:12  Zerg Missile Weapons Level 1  
  37  3:13  Drone  
  37  3:18  Overlord  
  38  3:20  Drone  
  39  3:28  Drone  
  39  3:29  Drone x3  
  43  3:37  Glial Reconstitution  
  43  3:41  Extractor, Drone x4  
  43  3:45  Overlord  
  46  3:49  Drone x2  
  46  3:53  Drone  
  49  4:07  Roach  
  49  4:08  Hatchery  
  50  4:11  Roach x2  
  50  4:17  Roach x2  
  58  4:21  Overlord  
  58  4:25  Roach  
  58  4:30  Overlord  
  60  4:35  Overlord  
  60  4:39  Overlord  
  60  4:41  Roach x2  
  64  4:47  Roach x2  
  64  4:52  Roach  
  76  4:53  Roach x3  
  76  4:55  Overlord  
  76  4:58  Drone  
  77  5:06  Drone  
  78  5:15  Drone  
  78  5:19  Drone x3  
  78  5:20  Drone x2  
  84  5:25  Drone x2  
  86  5:29  Roach x2  
  84  5:38  Roach  
  84  5:39  Roach x2  
  98  6:01  Extractor  
  98  6:02  Extractor  
Tags
 
Add a new tag
Caveats
  • Supply blocks, unpowered buildings, or Contaminate may cause inaccurate times.
  • Supply counts are checked every 10 seconds.